Map: Oceanborn LE

Players

ForJumY

  • Race: Protoss Protoss
  • League: Grandmaster
  • Spawn Location: 11:00

CoffeeAme - Winner!

  • Race: Terran Terran
  • League: Master
  • Spawn Location: 5:00

VOD

Have the link to the VOD?

Description

Time

  • Played on: Dec. 18, 2023, 1:17 p.m.
  • Length: 5:55
Show
View Real Time Build Order
Export as new Build Order

ForJumY Protoss 

Build Orders: 1 Gate Expand, Phoenix Opening 

Get SALT Encoding   

  12  0:00  Probe  
  13  0:12  Probe  
  14  0:16  Pylon  
  14  0:24  Probe (Chrono Boost)  
  15  0:34  Gateway  
  15  0:36  Probe (Chrono Boost)  
  16  0:45  Probe (Chrono Boost)  
  16  0:46  Assimilator  
  17  0:50  Probe  
  18  1:02  Probe  
  19  1:15  Probe  
  20  1:23  Nexus  
  19  1:33  Cybernetics Core  
  19  1:36  Probe  
  20  1:41  Assimilator  
  20  1:48  Probe  
  20  1:52  Pylon  
  21  2:00  Probe  
  22  2:07  Adept (Chrono Boost)  
  22  2:12  Probe  
  25  2:17  Stargate  
  25  2:25  Warp Gate  
  25  2:27  Probe (Chrono Boost)  
  26  2:30  Adept  
  26  2:34  Probe (Chrono Boost)  
  29  2:41  Probe (Chrono Boost)  
  31  2:45  Probe (Chrono Boost)  
  31  2:50  Probe (Chrono Boost)  
  33  2:53  Probe (Chrono Boost)  
  33  2:55  Probe (Chrono Boost)  
  33  2:57  Gateway  
  34  3:01  Probe  
  34  3:02  Adept  
  37  3:10  Phoenix (Chrono Boost)  
  37  3:15  Probe  
  37  3:16  Probe  
  39  3:27  Phoenix (Chrono Boost), Probe  
  39  3:28  Probe  
  43  3:34  Robotics Facility  
  43  3:39  Probe  
  43  3:40  Pylon, Probe  
  45  3:51  Probe  
  45  3:52  Assimilator  
  45  3:55  Assimilator  
  46  3:57  Pylon, Phoenix (Chrono Boost)  
  46  3:58  Probe  
  49  4:03  Probe  
  50  4:10  Probe  
  50  4:13  Phoenix (Chrono Boost)  
  50  4:15  Probe  
  54  4:23  Probe  
  55  4:27  Robotics Bay, Probe  
  56  4:35  Probe  
  56  4:42  Nexus  
  56  4:43  Immortal (Chrono Boost)  
  56  4:50  Pylon  
  58  4:55  Shield Battery  
  58  4:56  Sentry  
  58  4:59  Shield Battery  
  60  5:03  Stalker  
  60  5:21  Shield Battery  
  60  5:24  Phoenix  
  61  5:29  Stalker  
  61  5:30  Probe  
  61  5:31  Probe  
  61  5:34  Pylon  
Show
View Real Time Build Order
Export as new Build Order

CoffeeAme Terran - Winner!

Build Orders: Gas First Reaper Expand, Liberator Opening 

Get SALT Encoding   

  12  0:00  SCV  
  13  0:12  SCV  
  14  0:17  Supply Depot  
  14  0:24  SCV  
  14  0:28  Refinery  
  15  0:38  SCV  
  16  0:44  Barracks  
  16  0:50  SCV  
  17  1:02  SCV  
  18  1:14  SCV  
  19  1:34  Orbital Command, Reaper  
  20  1:44  Command Center  
  20  1:54  Factory  
  20  2:00  SCV  
  21  2:03  Refinery  
  21  2:07  Barracks Reactor  
  21  2:12  SCV  
  22  2:16  Supply Depot  
  22  2:24  SCV  
  23  2:38  SCV  
  23  2:39  Starport  
  23  2:42  Widow Mine  
  23  2:43  Marine  
  23  2:44  Marine  
  28  2:50  SCV  
  29  2:58  Orbital Command  
  29  3:03  Widow Mine  
  29  3:04  Marine x2  
  33  3:07  SCV  
  34  3:15  Medivac  
  34  3:18  Orbital Command  
  36  3:21  SCV  
  36  3:23  Marine x2  
  38  3:29  Cyclone  
  40  3:34  Supply Depot  
  40  3:35  SCV  
  41  3:43  Marine x2  
  44  3:50  SCV  
  44  3:52  SCV  
  44  3:55  Liberator  
  45  3:56  Supply Depot  
  45  4:01  Cyclone  
  45  4:02  SCV  
  51  4:03  Marine x2  
  51  4:06  SCV  
  54  4:17  Barracks  
  54  4:18  SCV x2  
  54  4:19  Supply Depot  
  54  4:22  Marine x2  
  58  4:30  SCV x2  
  60  4:33  Barracks  
  60  4:39  Cyclone  
  60  4:42  Liberator  
  60  4:45  SCV x2  
  67  4:48  Supply Depot  
  67  4:49  Marine  
  68  4:57  Engineering Bay  
  68  4:58  Refinery  
  68  4:59  SCV  
  69  5:01  Supply Depot  
  69  5:20  SCV x2, Marine x2  
  73  5:21  Barracks Tech Lab  
  73  5:27  Barracks Tech Lab  
  73  5:31  Starport Reactor, Factory Reactor  
  73  5:33  SCV x2  
  75  5:39  Engineering Bay  
Tags
 
Add a new tag
Caveats
  • Supply blocks, unpowered buildings, or Contaminate may cause inaccurate times.
  • Supply counts are checked every 10 seconds.